Workbook
Name AbaDeprec: #REF!
Name AbaDeprec: #REF!
Name AbaDeprec: #REF!
Name AbaRemun: #REF!
Name AbaRemun: #REF!
Name AbaRemun: #REF!
Name Escavadeira: #REF!
Name número: #REF!
Name número: #REF!
Name número: #REF!
Name x: #REF!
Name x: #REF!
Name x: #REF!

Sheet Van 18 lugares- Paresp
A1: PLANILHA DE COMPOSIÇÃO DE CUSTOS E FORMAÇÃO DE PREÇO
A2: GRUPO A - Identificação
A3: Nº do processo: | B3: 2026-10772 | C3: Nº Licitação: | F3: Data: | G3: 46252
A4: Veículo: | B4: Van com 18 lugares | D4: Serviço: | E4: Transporte PARESP - Desenvolvimento Social
A6: GRUPO B - Orçamento Sintético
A7: Formas de Tributação | C7: LUCRO REAL | E7: LUCRO PRESUMIDO | G7: SIMPLES NAC.
A8: Descrição do Item | C8: Custo (R$/mês) | D8: AV % | E8: Custo (R$/mês) | F8: AV % | G8: Custo (R$/mês) | H8: AV %
A9: =A48 -> 1. Mão-de-obra | C9: =+G85 -> 1013.3094 | D9: =SUM(D10:D13) -> 0.1563 | E9: =G85 -> 1013.3094 | F9: =SUM(F10:F13) -> 0.1662155 | G9: =G86 -> 838.98011 | H9: =SUM(H10:H13) -> 0.1422
A10: 1.1. Motorista | C10: =G57 -> 814.68636 | D10: =ROUND(IFERROR(C10/$C$26,0),4) -> 0.1257 | E10: =C10 -> 814.68636 | F10: =(IFERROR(E10/$E$26,0)) -> 0.13363491 | G10: =G64 -> 640.3571 | H10: =ROUND(IFERROR(G10/$G$26,0),4) -> 0.1085
A11: =A66 -> 1.2. Vale Transporte | C11: =G71 -> 24.027841 | D11: =ROUND(IFERROR(C11/$C$26,0),4) -> 0.0037 | E11: =C11 -> 24.027841 | F11: =(IFERROR(E11/$E$26,0)) -> 0.0039413428 | G11: =E11 -> 24.027841 | H11: =ROUND(IFERROR(G11/$G$26,0),4) -> 0.0041
A12: =A73 -> 1.3. Vale-refeição (diário) | C12: =G76 -> 169.88636 | D12: =ROUND(IFERROR(C12/$C$26,0),4) -> 0.0262 | E12: =C12 -> 169.88636 | F12: =(IFERROR(E12/$E$26,0)) -> 0.027866857 | G12: =E12 -> 169.88636 | H12: =ROUND(IFERROR(G12/$G$26,0),4) -> 0.0288
A13: =A78 -> 1.4. Seguro de Vida em Grupo | C13: =G81 -> 4.7088068 | D13: =ROUND(IFERROR(C13/$C$26,0),4) -> 0.0007 | E13: =C13 -> 4.7088068 | F13: =(IFERROR(E13/$E$26,0)) -> 0.00077239657 | G13: =E13 -> 4.7088068 | H13: =ROUND(IFERROR(G13/$G$26,0),4) -> 0.0008
A14: =A88 -> 2. Veículos | C14: =+G155 -> 3805.3896 | D14: =SUM(D15:D21) -> 0.5872 | E14: =C14 -> 3805.3896 | F14: =SUM(F15:F21) -> 0.62420695 | G14: =E14 -> 3805.3896 | H14: =SUM(H15:H21) -> 0.6447
A15: =A89 -> 2.1 Depreciação | C15: =G96 -> 450.53553 | D15: =ROUND(IFERROR(C15/$C$26,0),4) -> 0.0695 | E15: =C15 -> 450.53553 | F15: =(IFERROR(E15/$E$26,0)) -> 0.073902395 | G15: =E15 -> 450.53553 | H15: =ROUND(IFERROR(G15/$G$26,0),4) -> 0.0763
A16: =A97 -> 2.2 Remuneração do Capital | C16: =G107 -> 683.86648 | D16: =ROUND(IFERROR(C16/$C$26,0),4) -> 0.1055 | E16: =C16 -> 683.86648 | F16: =(IFERROR(E16/$E$26,0)) -> 0.11217621 | G16: =E16 -> 683.86648 | H16: =ROUND(IFERROR(G16/$G$26,0),4) -> 0.1159
A17: =A108 -> 2.3. Impostos e Seguros | C17: =G117 -> 131.48097 | D17: =ROUND(IFERROR(C17/$C$26,0),4) -> 0.0203 | E17: =C17 -> 131.48097 | F17: =(IFERROR(E17/$E$26,0)) -> 0.02156713 | G17: =E17 -> 131.48097 | H17: =ROUND(IFERROR(G17/$G$26,0),4) -> 0.0223
A18: =A118 -> 2.4. Consumos | C18: =G133 -> 1050.15 | D18: =ROUND(IFERROR(C18/$C$26,0),4) -> 0.162 | E18: =C18 -> 1050.15 | F18: =(IFERROR(E18/$E$26,0)) -> 0.17225856 | G18: =E18 -> 1050.15 | H18: =ROUND(IFERROR(G18/$G$26,0),4) -> 0.1779
A19: =A135 -> 2.5. Manutenção | C19: =G139 -> 1180 | D19: =ROUND(IFERROR(C19/$C$26,0),4) -> 0.1821 | E19: =C19 -> 1180 | F19: =(IFERROR(E19/$E$26,0)) -> 0.19355815 | G19: =E19 -> 1180 | H19: =ROUND(IFERROR(G19/$G$26,0),4) -> 0.1999
A20: =A141 -> 2.6. Pneus | C20: =G147 -> 236.95 | D20: =ROUND(IFERROR(C20/$C$26,0),4) -> 0.0366 | E20: =C20 -> 236.95 | F20: =(IFERROR(E20/$E$26,0)) -> 0.038867462 | G20: =E20 -> 236.95 | H20: =ROUND(IFERROR(G20/$G$26,0),4) -> 0.0401
A21: =A149 -> 2.7. Rastreador GPS | C21: =G153 -> 72.406667 | D21: =ROUND(IFERROR(C21/$C$26,0),4) -> 0.0112 | E21: =C21 -> 72.406667 | F21: =(IFERROR(E21/$E$26,0)) -> 0.011877035 | G21: =E21 -> 72.406667 | H21: =ROUND(IFERROR(G21/$G$26,0),4) -> 0.0123
A22: =A157 -> 3. Ferramentas e Materiais de Consumo | C22: =+G165 -> 100.5 | D22: =ROUND(IFERROR(C22/$C$26,0),4) -> 0.0155 | E22: =C22 -> 100.5 | F22: =(IFERROR(E22/$E$26,0)) -> 0.01648525 | G22: =E22 -> 100.5 | H22: =ROUND(IFERROR(G22/$G$26,0),4) -> 0.017
A23: =A170 -> 4. Benefícios e Desp. Ind. - BDI - LUCRO REAL | C23: =+G175 -> 1561.85 | D23: =ROUND(IFERROR(C23/$C$26,0),4) -> 0.241
A24: =A183 -> 5. Benefícios e Desp. Ind. - BDI - LUCRO PRESUMIDO | E24: =G189 -> 1177.16 | F24: =(IFERROR(E24/$E$26,0)) -> 0.1930923
A25: =A197 -> 6. Benef. Desp. Ind. + Impostos - SIMPLES NACIONAL | G25: =G200+G213 -> 1157.45 | H25: =ROUND(IFERROR(G25/$G$26,0),4) -> 0.1961
A26: PREÇO TOTAL MÊS (R$/Mês) | C26: =C9+C14+C22+C23 -> 6481.049 | D26: =D9+D14+D22+D23 -> 1 | E26: =E9+E14+E22+E24 -> 6096.359 | F26: =F9+F14+F22+F24 -> 1 | G26: =G9+G14+G22+G25 -> 5902.3198 | H26: =H9+H14+H22+H25 -> 1 | I26: =G9+G14+G22+G25 -> 5902.3198
A27: PREÇO POR QUILOMETRO (R$/Km) | C27: =G181 -> 4.99 | E27: =G195 -> 4.69 | G27: =G220 -> 4.54
A29: GRUPO C - Informações sobre
A30: C1- Mão-de-obra | F30: Quantidade | G30: R$ / mês
A31: Motoristas de fretamento | F31: 1 | G31: 2498
A32: Total de mão-de-obra (postos de trabalho) | F32: =SUM(F31:F31) -> 1 | G32: =SUM(G31:G31) -> 2498
A34: C2- Veículos | C34: Vida útil do Veículo | D34: Taxa depre- ciação Anual | E34: Capacidade (Lugares) | F34: Quantidade | G34: Valor (R$)
A35: Veículo Sprinter 517 Van E.L.T.A 18 lugares Mercedez Benz ano 2026 - Diesel BS 10 | C35: 10 | D35: =1/C35 -> 0.1 | E35: 18 | F35: 1 | G35: 449185
F36: Consumo Médio | G36: Preço do diesel
A37: Consumo médio (Km / litro) e Valor do litro (R$) | F37: 8 | G37: 5.77
A39: C3- Distâncias | C39: Unidade | F39: Km por dia | G39: Km por mês
A40: Distância percorrida | C40: Km | F40: 65 | G40: =F40*F41 -> 1300 | I40: =G40*10 -> 13000
A41: Dias rodados por mês | C41: Dias | F41: 20 | G41: Horas do Dia | I41: CONSIDERADO 10 MESES
A42: Velocidade média | C42: km | F42: 40 | G42: =F40/F42 -> 1.625
A44: C4- Fatores | C44: % | D44: Aplicação
A45: Fator de utilização (FU) | C45: =G42/8.8 -> 0.18465909 | D45: Equipe, Vale transporte e vale alimentação
A47: CÁLCULOS (itenização numérica)
A48: 1. Mão-de-obra
A49: 1.1. Motorista - EMPRESA LUCRO REAL E PRESUMIDO
A50: Discriminação | C50: Unidade | D50: Quantidade | E50: Custo unitário | F50: Subtotal | G50: Total (R$) | H50: R$/Km
A51: Piso da categoria | C51: mês | D51: 1 | E51: =G31 -> 2498 | F51: =D51*E51 -> 2498
A52: Soma | F52: =SUM(F51:F51) -> 2498
A53: Encargos Sociais | C53: % | D53: ='Enc. Soc. - LR-LP e SN'!C$28*100 -> 70.61 | E53: =F52 -> 2498 | F53: =ROUND(E53*D53/100,2) -> 1763.84
A54: Total por Motorista | F54: =F52+F53 -> 4261.84
A55: Prêmio assiduidade - cláusula décima segunda CCT | F55: 150
A56: Total do Efetivo | C56: homem | D56: =F31 -> 1 | E56: =F54 -> 4261.84 | F56: =D56*E56+F55 -> 4411.84 | G56: =F56 -> 4411.84 | H56: =G56/G$40 -> 3.3937231
E57: Fator de utilização | F57: =C45 -> 0.18465909 | G57: =F56*F57 -> 814.68636 | H57: =G57/G$40 -> 0.62668182
A59: 1.1.1- Motorista - EMPRESA SIMPLES NACIONAL
A60: Encargos Sociais | C60: % | D60: ='Enc. Soc. - LR-LP e SN'!C$38*100 -> 32.81728 | E60: =F52 -> 2498 | F60: =ROUND(E60*D60/100,2) -> 819.78
A61: Total por Motorista | F61: =E60+F60 -> 3317.78
A62: =A55 -> Prêmio assiduidade - cláusula décima segunda CCT | F62: 150
A63: Total do Efetivo | C63: homem | D63: =D56 -> 1 | E63: =F61 -> 3317.78 | F63: =D63*E63+F62 -> 3467.78 | G63: =F63 -> 3467.78 | H63: =G63/G$40 -> 2.6675231
E64: Fator de utilização | F64: =F57 -> 0.18465909 | G64: =F63*F64 -> 640.3571 | H64: =G64/G$40 -> 0.49258239
A66: 1.2. Vale Transporte
A67: Discriminação | C67: Unidade | D67: Quantidade | E67: Custo unitário | F67: Subtotal | G67: Total (R$) | H67: R$/Km
A68: Vale Transporte | C68: R$ | D68: 1 | E68: 7 | I68: DECRETO 12.036-2026
A69: Dias Trabalhados por mês | C69: dia | D69: =F41 -> 20
A70: Motorista (Vlr líq. desc. 6,% s/piso sal.) | C70: vale | D70: =$D$69*2*(F31) -> 40 | E70: =IF(E68=0,"",IFERROR((($D$69*2*$E$68)-(F51*0.06*D69/D69))/($D$69*2),"-")) -> 3.253 | F70: =IFERROR(D70*E70,"-") -> 130.12 | G70: =F70 -> 130.12 | H70: =G70/G$40 -> 0.10009231
E71: Fator de utilização | F71: =F64 -> 0.18465909 | G71: =F70*F71 -> 24.027841 | H71: =G71/G$40 -> 0.018482955
A73: 1.3. Vale-refeição (diário)
A74: Discriminação | C74: Unidade | D74: Quantidade | E74: Custo unitário | F74: Subtotal | G74: Total (R$) | H74: R$/Km
A75: Motorista (Café e Almoço) | C75: unidade | D75: =D69*(F31) -> 20 | E75: =30+16 -> 46 | F75: =D75*E75 -> 920 | G75: =F75 -> 920 | H75: =G75/G$40 -> 0.70769231
E76: Fator de utilização | F76: =F71 -> 0.18465909 | G76: =F75*F76 -> 169.88636 | H76: =G76/G$40 -> 0.13068182
A78: 1.4. Seguro de Vida em Grupo
A79: Discriminação | C79: Unidade | D79: Quantidade | E79: Custo unitário | F79: Subtotal | G79: Total (R$) | H79: R$/Km
A80: Motorista (Café e Almoço) | C80: unidade | D80: 1 | E80: 25.5 | F80: =D80*E80 -> 25.5 | G80: =F80 -> 25.5 | H80: =G80/G$40 -> 0.019615385
E81: Fator de utilização | F81: =F76 -> 0.18465909 | G81: =F80*F81 -> 4.7088068 | H81: =G81/G$40 -> 0.0036221591
A85: Custo Mensal com Mão-de-obra (R$/mês) - LUCRO REAL E PRESUMIDO | G85: =G57+G71+G76+G81 -> 1013.3094 | H85: =G85/G$40 -> 0.77946875
A86: Custo Mensal com Mão-de-obra (R$/mês) - SIMPLES NACIONAL | G86: =G64+G71+G76+G81 -> 838.98011 | H86: =G86/G$40 -> 0.64536932
A88: 2. Veículos
A89: 2.1 Depreciação
A90: Discriminação | C90: Unidade | D90: Quantidade | E90: Custo unitário | F90: Subtotal | G90: Total (R$) | H90: R$/Km
A91: Custo de aquisição do veículo | C91: unidade | D91: 1 | E91: =G35 -> 449185 | F91: =D91*E91 -> 449185
A92: Vida útil do veícuo | C92: anos | D92: =C35 -> 10
A93: Depreciação do veículo | C93: % | D93: =Depr.!B12 -> 65.18 | E93: =F91 -> 449185 | F93: =D93*E93/100 -> 292778.78
A94: Depreciação mensal veículos | C94: mês | D94: =D92*12 -> 120 | E94: =F93 -> 292778.78 | F94: =IFERROR(E94/D94,0) -> 2439.8232
A95: Total da frota | C95: unidade | D95: =F35 -> 1 | E95: =F94 -> 2439.8232 | F95: =D95*E95 -> 2439.8232
E96: Fator de utilização | F96: =F71 -> 0.18465909 | G96: =F95*F96 -> 450.53553 | H96: =G96/G$40 -> 0.34656579
A97: 2.2 Remuneração do Capital
A98: Discriminação | C98: Unidade | D98: Quantidade | E98: Custo unitário | F98: Subtotal | G98: Total (R$) | H98: R$/Km
A99: Custo do veículo | C99: unidade | D99: 1 | E99: =E91 -> 449185 | F99: =D99*E99 -> 449185
A100: Taxa de juros anual nominal | C100: % | D100: 14
A101: Valor do veículo proposto (Vo) | C101: R$ | D101: =F99 -> 449185
A102: Valor residual do veículo proposto (Vr) | D102: =F91-F93 -> 156406.22
A103: Investimento médio total do veículo | C103: R$ | D103: =(D101-D102)*((D92+1)/(2*D92))+D102 -> 317434.55
A104: Remuneração mensal de capital do veículo | C104: R$ | E104: =ROUND(D100*D103/12/100,2) -> 3703.4 | F104: =E104 -> 3703.4
A105: Total por veículo | F105: =F104 -> 3703.4
A106: Total da frota | C106: unidade | D106: =D95 -> 1 | E106: =F105 -> 3703.4 | F106: =D106*E106 -> 3703.4
E107: Fator de utilização | F107: =F71 -> 0.18465909 | G107: =F106*F107 -> 683.86648 | H107: =G107/G$40 -> 0.52605114
A108: 2.3. Impostos e Seguros
A109: Discriminação | C109: Unidade | D109: Quantidade | E109: Custo unitário | F109: Subtotal | G109: Total (R$) | H109: R$/Km
A110: IPVA | C110: unidade | D110: =D95 -> 1 | E110: =0.01*($F$91) -> 4491.85 | F110: =D110*E110 -> 4491.85
A111: Licenciamento | C111: unidade | D111: =D95 -> 1 | E111: 114.09 | F111: =D111*E111 -> 114.09
A112: Seguro contra terceiros | C112: unidade | D112: =D95 -> 1 | E112: 1373.55 | F112: =D112*E112 -> 1373.55
A113: Seguro contra acidentes (usuários) | C113: unidade | D113: 1 | E113: 1228.52 | F113: =D113*E113 -> 1228.52
A114: Aferição do tacógrafo | C114: unidade | D114: 1 | E114: 566.18 | F114: =D114*E114 -> 566.18
...

Sheet Enc. Soc. - LR-LP e SN
A1: Composição dos Encargos Sociais
A2: Empresas Lucro Real e Lucro Presumido
A3: Código | B3: Descrição | C3: Valor %
A4: A1 | B4: INSS | C4: 0.2
A5: A2 | B5: SESI | C5: 0.015
A6: A3 | B6: SENAI | C6: 0.01
A7: A4 | B7: INCRA | C7: 0.002
A8: A5 | B8: SEBRAE | C8: 0.006
A9: A6 | B9: Salário educação | C9: 0.025
A10: A7 | B10: Seguro contra acidentes de trabalho | C10: 0.03
A11: A8 | B11: FGTS | C11: 0.08
A12: A | B12: SOMA GRUPO A | C12: =SUM(C4:C11) -> 0.368
A14: B1 | B14: Férias gozadas | C14: 0.1111
A15: B2 | B15: 13º salário | C15: 0.0833
A16: B3 | B16: Licença Paternidade | C16: 0.0005
A17: B4 | B17: Faltas justificadas | C17: 0.005
A18: B5 | B18: Auxilio acidente de trabalho | C18: 0.001
A19: B | B19: SOMA GRUPO B | C19: =SUM(C14:C18) -> 0.2009
A21: C1 | B21: Aviso prévio indenizado | C21: 0.029
A22: C2 | B22: Depósito rescisão sem justa causa | C22: 0.032
A23: C | B23: SOMA GRUPO C | C23: =SUM(C21:C22) -> 0.061
A25: D1 | B25: Reincidência de Grupo A sobre Grupo B | C25: =ROUND(C12*C19,4) -> 0.0739
A26: D2 | B26: Reincidência de FGTS sobre aviso prévio indenizado | C26: =ROUND((C21*C11),4) -> 0.0023
A27: D | B27: SOMA GRUPO D | C27: =SUM(C25:C26) -> 0.0762
B28: SOMA (A+B+C+D) | C28: =C27+C23+C19+C12 -> 0.7061
A30: Composição dos Encargos Sociais
A31: Empresas do Simples Nacional
A32: Item | B32: Descrição | C32: Valor %
A33: 1 | B33: FGTS | C33: 0.08
A34: 2 | B34: Férias (com adicional de férias) | C34: 0.1111
A35: 3 | B35: 13º Salário | C35: 0.0833
A36: 4 | B36: Provisão Multas FGTS (40% s/FGTS) | C36: 0.032
A37: 5 | B37: Previdenciários s/Férias e 13º | C37: =(C34+C35)*(C33+C36) -> 0.0217728
A38: Total | C38: =SUM(C33:C37) -> 0.3281728

Sheet BDI
A1: B.D.I. PARA EMPRESAS DO LUCRO REAL
A2: Composição BDI - Benefícios e Desp. Indiretas
A3: Descrição | B3: Sigla | C3: Municipal (%) | E3: Intermunicipal (%)
A4: Administração Central | B4: AC | C4: 0.05 | E4: =C4 -> 0.05
A5: Seguros/Riscos/Garantias | B5: SRG | C5: 0.013 | E5: =C5 -> 0.013
A6: Lucro | B6: L | C6: 0.1 | E6: =C6 -> 0.1
A7: Tributos - (ISS p/Municipal) e (ICMS p/Interm.) | B7: T | C7: 0.02 | E7: 0.024
A8: Tributos - PIS/COFINS | C8: 0.0925 | E8: =C8 -> 0.0925
A9: Fórmula para o cálculo do BDI:
A10: {[(1+AC+SRG) x (1+L)] / (1-T)} -1
A11: Resultado do cálculo do BDI: | C11: =ROUND((((1+C4+C5)*(1+C6))/(1-(C7+C8))-1),4) -> 0.3175 | E11: =ROUND((((1+E4+E5)*(1+E6))/(1-(E7+E8))-1),4) -> 0.3235
A14: B.D.I. PARA EMPRESAS DO LUCRO PRESUMIDO
A15: Composição BDI - Benefícios e Desp. Indiretas
A16: Descrição | B16: Sigla | C16: Municipal (%) | E16: Intermunicipal (%)
A17: Administração Central | B17: AC | C17: 0.05 | E17: =C17 -> 0.05
A18: Seguros/Riscos/Garantias | B18: SRG | C18: 0.013 | E18: =C18 -> 0.013
A19: Lucro | B19: L | C19: 0.1 | E19: =C19 -> 0.1
A20: Tributos - (ISS p/Municipal) e (ICMS p/Interm.) | B20: T | C20: 0.02 | E20: 0.024
A21: Tributos - PIS/COFINS | C21: 0.0365 | E21: =C21 -> 0.0365
A22: Fórmula para o cálculo do BDI:
A23: {[(1+AC+SRG) x (1+L)] / (1-T)} -1
A24: Resultado do cálculo do BDI: | C24: =ROUND((((1+C17+C18)*(1+C19))/(1-(C20+C21))-1),4) -> 0.2393 | E24: =ROUND((((1+E17+E18)*(1+E19))/(1-(E20+E21))-1),4) -> 0.2446
A27: B.D.I. PARA EMPRESAS DO SIMPLES NACIONAL
A28: Composição do BDI - Benefícios e Desp. Ind. - Sem Impostos
A29: Descrição | B29: Sigla | C29: Municipal (%) | E29: Intermunicipal (%)
A30: Administração Central | B30: AC | C30: 0.05 | E30: =C30 -> 0.05
A31: Seguros/Riscos/Garantias | B31: SRG | C31: 0.013 | E31: =C31 -> 0.013
A32: Lucro | B32: L | C32: 0.1 | E32: =C32 -> 0.1
A33: Fórmula para o cálculo do BDI - Sem impostos
A34: {[(1+AC+SRG) x (1+L)]} -1
A35: Resultado cálculo do BDI - Sem impostos | C35: =ROUND((((1+C30+C31)*(1+C32))-1),4) -> 0.1693 | E35: =ROUND((((1+E30+E31)*(1+E32))-1),4) -> 0.1693

Sheet Depr.
A1: Depreciação Referencial TCE/RS (%)
A2: Idade do veículo (ano) | B2: Depreciação Média | C2: Residual
A3: 1 | B3: 33.63 | C3: =100-B3 -> 66.37
A4: 2 | B4: 43.13 | C4: =100-B4 -> 56.87
A5: 3 | B5: 48.68 | C5: =100-B5 -> 51.32
A6: 4 | B6: 52.62 | C6: =100-B6 -> 47.38
A7: 5 | B7: 55.68 | C7: =100-B7 -> 44.32
A8: 6 | B8: 58.18 | C8: =100-B8 -> 41.82
A9: 7 | B9: 60.29 | C9: =100-B9 -> 39.71
A10: 8 | B10: 62.12 | C10: =100-B10 -> 37.88
A11: 9 | B11: 63.73 | C11: =100-B11 -> 36.27
A12: 10 | B12: 65.18 | C12: =100-B12 -> 34.82
